 Dungeon Crawl Stone Soup version 0.29.0-4-gdea44cf6ec (webtiles) character file.

Game seed: 3330196396930825101

382 qw the Cleaver (level 6, -1/52 HPs)
             Began as a Minotaur Fighter on Sept 7, 2022.
             Was an Initiate of Ru.
             Slain by a gnoll
             ... wielding a +0 spear
             ... led by a gnoll bouda
              (4 damage)
             ... on level 5 of the Dungeon.
             The game lasted 00:01:28 (4428 turns).

qw the Cleaver (Minotaur Fighter)                   Turns: 4428, Time: 00:01:28

Health: -1/52      AC:  9    Str: 23    XL:     6   Next: 47%
Magic:  5/5        EV:  9    Int:  5    God:    Ru [......]
Gold:   250        SH:  4    Dex:  9    Spells: 5/5 levels left

rFire   . . .      SeeInvis .   Y - +0 war axe
rCold   . . .      Faith    .   c - +0 buckler
rNeg    . . .      Spirit   .   b - +0 scale mail
rPois   .          Reflect  .   (helmet restricted)
rElec   .          Harm     .   (no cloak)
rCorr   .          Rampage  .   m - +0 pair of gloves
Will    .....                   o - +0 pair of boots
Stlth   ..........              n - amulet of regeneration
HPRegen 0.97/turn               (no ring)
MPRegen 0.09/turn               (no ring)

@: no status effects
A: horns 2, retaliatory headbutt
a: Renounce Religion


You were on level 5 of the Dungeon.
You worshipped Ru.
Ru was noncommittal.
You visited 1 branch of the dungeon, and saw 5 of its levels.

You collected 250 gold pieces.


Innate Abilities, Weirdness & Mutations

You have a pair of horns on your head.
You reflexively headbutt those who attack you in melee.


   Skills:
 - Level 4.1 Fighting
 + Level 8.0 Axes
 - Level 3.6 Armour
 - Level 1.0 Dodging
 - Level 3.6 Shields


You had 5 spell levels left.
You didn't know any spells.
Your spell library was empty.

Inventory:

Hand Weapons
 l - a +0 flail
 Y - a +0 war axe (weapon)
Armour
 b - a +0 scale mail (worn)
 c - a +0 buckler (worn)
 m - a +0 pair of gloves (worn)
 o - a +0 pair of boots (worn)
Jewellery
 n - an amulet of regeneration (around neck)
Scrolls
 e - a scroll of identify
Potions
 a - a potion of degeneration {unknown}
 d - a potion of might
 f - a potion of heal wounds {unknown}
 g - a potion of haste {unknown}
 h - a potion of curing {unknown}
 i - a potion of brilliance {unknown}
 j - a potion of flight {unknown}
 k - a potion of cancellation {unknown}

Dungeon Overview and Level Annotations

Branches:
Dungeon (5/15)             Temple (0/1) D:4

Altars:
Ru
Trog
Zin


Message History

The gnoll's wounds heal themselves!
The gnoll barely misses you. You furiously retaliate!
You headbutt the gnoll. You hit the gnoll. You headbutt the gnoll.
You kill the gnoll!
You hit the gnoll bouda but do no damage.
You hit the gnoll.
The gnoll hits you but does no damage. x2
The gnoll hits you from afar with a +0 halberd!
You block the gnoll bouda's attack. The gnoll hits you with a +0 spear.
You slash the gnoll!
You kill the gnoll!
You slash the gnoll bouda! The gnoll closely misses you. x2
The gnoll hits you from afar with a +0 spear!
You barely miss the gnoll bouda. You headbutt the gnoll bouda.
The gnoll bouda is severely wounded.
You closely miss the iguana. The gnoll hits you but does no damage.
The gnoll barely misses you.
The gnoll hits you from afar with a +0 halberd.
The gnoll bouda barks out a call to the hunt!
The gnolls pick up the pace!
The iguana barely misses you. The gnoll closely misses you.
The iguana closely misses you. You block the gnoll's attack.
The gnoll bouda hits you with a +0 whip.
The gnoll barely misses you.
You hit the gnoll bouda. You headbutt the gnoll bouda.
You kill the gnoll bouda!
You hit the iguana but do no damage. You block the gnoll's attack.
The iguana bites you! The gnoll closely misses you.
The gnoll hits you from afar with a +0 spear.
Your Axes skill increases to level 8!
You barely miss the iguana.
The gnoll hits you from afar with a +0 halberd.
The iguana bites you! The gnoll hits you but does no damage.
The gnoll closely misses you.
You barely miss the iguana.
Your attacks no longer feel as feeble.
The gnoll hits you from afar with a +0 spear.
You die...

#......####..####
##..............##
##.....###.......#
.........##.......#
..........#.......#
.........)........#
....###...........#
##.. #......g.....#
#..........##@)..#
..###>..##..l).## .
#...##.gg...#
#..........##
..#...##.....
....... ......#
.....# ....... ..
.........


You could see an iguana and 3 gnolls.

Vanquished Creatures
  A jelly (D:4)
  2 orc priests (D:3)
  A gnoll bouda (D:5)
  A hound (D:3)
  An iguana (D:4)
  2 orc wizards (D:3)
  2 gnolls (D:5)
  7 adders
  A dart slug (D:1)
  7 orcs
  6 ball pythons
  2 bats
  8 endoplasms
  4 giant cockroaches
  5 goblins
  7 hobgoblins
  5 jackals
  A kobold (D:1)
  3 quokkas
  A frilled lizard (D:3)
  6 rats
73 creatures vanquished.

Notes
Turn   | Place    | Note
-------+----------+-------------------------------------------
     0 | D:1      | qw the Minotaur Fighter began the quest for the Orb.
     0 | D:1      | Reached XP level 1. HP: 19/19 MP: 0/0
     0 | D:1      | 0 ||| qw: Version: 0.1-a-108-g9e35731
     0 | D:1      | 0 ||| qw: Game counter: 6569
     0 | D:1      | 0 ||| qw: Always use a shield: true
     0 | D:1      | 0 ||| qw: God list: Ru
     0 | D:1      | 0 ||| qw: Allow faded altars: false
     0 | D:1      | 0 ||| qw: Do Orc after D:15 true
     0 | D:1      | 0 ||| qw: Do second Lair branch before Depths: true
     0 | D:1      | 0 ||| qw: Lair rune preference: random
     0 | D:1      | 0 ||| qw: Plans: Normal
     0 | D:1      | 0 ||| PLANNING D:1-11
   262 | D:1      | Reached skill level 3 in Axes
   380 | D:1      | 380 ||| Stepping ~*~*~tactically~*~*~ (hiding).
   399 | D:1      | 399 ||| Stepping ~*~*~tactically~*~*~ (stealth).
   406 | D:1      | Reached XP level 2. HP: 26/26 MP: 1/1
   445 | D:1      | 445 ||| Stepping ~*~*~tactically~*~*~ (stealth).
   641 | D:1      | 641 ||| READING scroll labelled IKUSAAWIUNK.
   642 | D:1      | 642 ||| READING scroll labelled BOUDECK ZOWU.
   643 | D:1      | 643 ||| Stepping randomly (stuck).
   644 | D:1      | 644 ||| Stepping ~*~*~tactically~*~*~ (cloud).
   649 | D:1      | HP: 6/26 [poisoned by you (poison gas)]
   965 | D:2      | Reached skill level 4 in Axes
   965 | D:2      | 965 ||| STAIRDANCE
  1067 | D:2      | Reached XP level 3. HP: 31/31 MP: 2/2
  1226 | D:2      | 1226 ||| Stepping ~*~*~tactically~*~*~ (stealth).
  1236 | D:2      | 1236 ||| FLEEEEING.
  1237 | D:2      | 1237 ||| FLEEEEING.
  1238 | D:2      | 1238 ||| FLEEEEING.
  1465 | D:2      | Reached skill level 5 in Axes
  1517 | D:2      | Identified the +1 long sword of the Hidden Interlopers
                  | {venom, +Blink MP-9 Str+3}
  1912 | D:2      | Reached XP level 4. HP: 39/39 MP: 3/3
  2036 | D:3      | Reached skill level 1 in Dodging
  2156 | D:3      | 2156 ||| Stepping ~*~*~tactically~*~*~ (stealth).
  2160 | D:3      | 2160 ||| Stepping ~*~*~tactically~*~*~ (hiding).
  2333 | D:3      | 2333 ||| DROPPING +0 club.
  2441 | D:3      | Reached skill level 6 in Axes
  2441 | D:3      | Reached XP level 5. HP: 34/45 MP: 4/4
  2691 | D:3      | 2691 ||| FLEEEEING.
  2692 | D:3      | 2692 ||| FLEEEEING.
  2693 | D:3      | 2693 ||| FLEEEEING.
  2694 | D:3      | 2694 ||| FLEEEEING.
  2695 | D:3      | 2695 ||| FLEEEEING.
  2696 | D:3      | 2696 ||| FLEEEEING.
  2697 | D:3      | 2697 ||| FLEEEEING.
  2698 | D:3      | 2698 ||| FLEEEEING.
  2699 | D:3      | 2699 ||| FLEEEEING.
  2700 | D:3      | 2700 ||| FLEEEEING.
  2709 | D:3      | 2709 ||| FLEEEEING.
  2710 | D:3      | 2710 ||| FLEEEEING.
  2715 | D:3      | 2715 ||| FLEEEEING.
  2716 | D:3      | 2716 ||| FLEEEEING.
  2717 | D:3      | 2717 ||| FLEEEEING.
  2718 | D:3      | 2718 ||| FLEEEEING.
  2719 | D:3      | 2719 ||| FLEEEEING.
  2721 | D:3      | 2721 ||| FLEEEEING.
  2722 | D:3      | 2722 ||| FLEEEEING.
  2725 | D:3      | 2725 ||| FLEEEEING.
  2726 | D:3      | 2726 ||| FLEEEEING.
  2727 | D:3      | 2727 ||| FLEEEEING.
  2728 | D:3      | 2728 ||| FLEEEEING.
  2729 | D:3      | 2729 ||| FLEEEEING.
  2730 | D:3      | 2730 ||| FLEEEEING.
  2731 | D:3      | 2731 ||| FLEEEEING.
  2732 | D:3      | 2732 ||| FLEEEEING.
  2733 | D:3      | 2733 ||| FLEEEEING.
  2734 | D:3      | 2734 ||| FLEEEEING.
  2735 | D:3      | 2735 ||| FLEEEEING.
  2736 | D:3      | 2736 ||| FLEEEEING.
  2737 | D:3      | 2737 ||| FLEEEEING.
  2738 | D:3      | 2738 ||| FLEEEEING.
  2739 | D:3      | 2739 ||| FLEEEEING.
  2740 | D:3      | 2740 ||| FLEEEEING.
  2744 | D:3      | 2744 ||| STAIRDANCE
  2788 | D:2      | 2788 ||| UPGRADING to +0 pair of gloves.
  2793 | D:2      | 2793 ||| READING scroll labelled HOAKOU BUONU.
  2803 | D:3      | Reached skill level 7 in Axes
  2987 | D:3      | 2987 ||| Stepping ~*~*~tactically~*~*~ (stealth).
  2989 | D:3      | 2989 ||| Stepping ~*~*~tactically~*~*~ (stealth).
  3318 | D:3      | Found a faded altar of an unknown god.
  3389 | D:3      | Found a sacrificial altar of Ru.
  3389 | D:3      | Found a glowing silver altar of Zin.
  3394 | D:3      | Became a worshipper of Ru the Awakened
  3492 | D:3      | 3492 ||| READING scroll labelled UFAIHOZOSM.
  3765 | D:4      | Found a bloodstained altar of Trog.
  3807 | D:4      | Reached XP level 6. HP: 52/52 MP: 5/5
  3948 | D:4      | Found a staircase to the Ecumenical Temple.
  4361 | D:4      | 4361 ||| UPGRADING to +0 pair of boots.
  4366 | D:4      | 4366 ||| UPGRADING to amulet of regeneration.
  4371 | D:4      | 4371 ||| READING scroll labelled REDAYR NATWEC.
  4393 | D:5      | Entered Level 5 of the Dungeon
  4413 | D:5      | 4413 ||| Stepping ~*~*~tactically~*~*~ (stealth).
  4415 | D:5      | 4415 ||| Stepping ~*~*~tactically~*~*~ (hiding).
  4417 | D:5      | 4417 ||| Stepping ~*~*~tactically~*~*~ (hiding).
  4418 | D:5      | 4418 ||| Stepping ~*~*~tactically~*~*~ (hiding).
  4427 | D:5      | Reached skill level 8 in Axes
  4427 | D:5      | HP: 13/52 [gnoll/+0 halberd[a gnoll bouda] (4)]
  4427 | D:5      | HP: 2/52 [iguana (11)]
  4428 | D:5      | Slain by a gnoll

Levels and vault maps discovered:
D:1:      lemuel_arrival_cross, layout_basic, feat_on_display
D:2:      layout_basic, minmay_misc_feat_diagonals
D:3:      minmay_evil_eye, layout_loops_ring, nicolae_overflow_two_pavilions,
          dreamdust_ecumenical_altar_hidden_monk_grotto,
          amcnicky_mini_corridor_feature
D:4:      layout_cave_pods, mainiacjoe_overflow_tiny_flanked,
          minmay_temple_entry_ruins, grunt_decor_mini_mirrors, nicolae_titane
D:5:      layout_cave_pools

Skill      XL: |  1  2  3  4  5  6 |
---------------+-------------------+-----
Axes           | 3 4 5 6 7 8 |  8.0
Dodging        | 1 |  1.0
Fighting       | 4 |  4.1
Armour         | |  3.6
Shields        | |  3.6

Action                   |  1- 3 |  4- 6 || total
-------------------------+-------+-------++-------
Melee: War axe           |    60 |   111 ||   171
       Headbutt          |     2 |    13 ||    15
  Use: Scroll            |     2 |     3 ||     5
Armor: Scale mail        |    11 |    47 ||    58
Dodge: Dodged            |    27 |    43 ||    70
Block: Buckler           |    10 |    24 ||    34

Table legend:
 A = Non-vault XP
 B = Vault XP
 C = Vault XP percentage of total XP
 D = Non-vault monster count
 E = Vault monster count
 F = Vault count percentage of total count
                 A         B        C        D         E       F
            +---------+---------+-------+---------+---------+-------
      Total |     523 |      23 |   4.2 |      67 |       6 |   8.2
            +---------+---------+-------+---------+---------+-------
        D:1 |      28 |       0 |   0.0 |      15 |       0 |   0.0
        D:2 |      69 |       0 |   0.0 |      20 |       0 |   0.0
        D:3 |     241 |      23 |   8.7 |      22 |       6 |  21.4
        D:4 |     113 |       0 |   0.0 |       6 |       0 |   0.0
        D:5 |      72 |       0 |   0.0 |       4 |       0 |   0.0
            +---------+---------+-------+---------+---------+-------
